 Dungeon Crawl Stone Soup version 0.32-a0-468-g38b2580584 (webtiles) character file.

Game seed: 12566871639178439309

1251 CougarLife the Digger (level 8, 41/41 HPs)
             Began as a Gargoyle Earth Elementalist on Feb 25, 2024.
             Quit the game in the Ecumenical Temple.
             The game lasted 00:04:57 (4138 turns).

CougarLife the Digger (Gargoyle Earth Elementalist) Turns: 4138, Time: 00:04:58

Health: 41/41      AC: 11    Str: 12    XL:     8   Next: 51%
Magic:  16/16      EV: 16    Int: 18    God:
Gold:   202        SH:  0    Dex: 10    Spells: 14/18 levels left

rFire   + . .        a - +2 dagger (protect)
rCold   . . .        (no shield)
rNeg    + . .        k - +2 leather armour "Zistraynut" {Will+}
rPois   ∞            (no helmet)
rElec   +            p - +0 cloak
rCorr   .            (no gloves)
SInv    .            (no boots)
Will    +....        l - amulet of magic regeneration
Stlth   ++           n - +5 ring of evasion
HPRegen 0.26/turn    w - ring of protection from fire
MPRegen 0.55/turn

%: no passive effects
@: no status effects
A: sickness immunity, AC +5, negative energy resistance 1, electricity
resistance, torment resistance 1, petrification resistance
a: no special abilities


You were in the Ecumenical Temple.
You visited 2 branches of the dungeon, and saw 7 of its levels.

You collected 252 gold pieces.
You spent 50 gold pieces at shops.

Inventory:

Hand Weapons
 a - a +2 dagger of protection (weapon)
Missiles
 h - 2 throwing nets
Armour
 k - the +2 leather armour "Zistraynut" (worn) {Will+}
   (You found it on level 2 of the Dungeon)

   Will+:     It increases your willpower.
 p - a +0 cloak (worn)
Jewellery
 l - an amulet of magic regeneration (around neck)
 n - a +5 ring of evasion (left hand)
 w - a ring of protection from fire (right hand)
 A - a ring of protection from fire
Wands
 y - a wand of digging (2)
Scrolls
 c - 2 scrolls of amnesia
 g - a scroll of enchant armour {unknown}
 m - a scroll of blinking {unknown}
 o - a scroll of fog {unknown}
 r - 3 scrolls of teleportation
 s - a scroll of enchant weapon {unknown}
 v - a scroll of silence {unknown}
 C - a scroll of immolation {unknown}
Potions
 b - a potion of magic
 d - a potion of brilliance {unknown}
 e - a potion of haste {unknown}
 f - 2 potions of cancellation {unknown}
 i - a potion of resistance {unknown}
 q - 2 potions of berserk rage {unknown}
 t - a potion of enlightenment {unknown}
 u - 4 potions of curing
 x - 3 potions of attraction
 z - a potion of might {unknown}
 B - a potion of ambrosia {unknown}


   Skills:
 - Level 1.5 Dodging
 - Level 2.1 Stealth
 + Level 5.7 Spellcasting
 + Level 6.2 Conjurations
 + Level 7.7 Earth Magic


You had 14 spell levels left.
You knew the following spells:

 Your Spells              Type           Power      Damage    Failure   Level
a - Sandblast             Erth           64%        2d14      1%          1
b - Stone Arrow           Conj/Erth      60%        3d10      2%          3

Your spell library contained the following spells:

 Spells                   Type           Power      Damage    Failure   Level
 Passwall                 Erth           32%        N/A       1%          3
 Brom's Barrelling Bould  Conj/Erth      30%        2d5       9%          4
 Petrify                  Alch/Erth      19%        N/A       32%         4
 Ozocubu's Armour         Ice            5%         N/A       43%         3
 Tukima's Dance           Hex            5%         N/A       43%         3
 Passage of Golubria      Tloc           5%         N/A       83%         4
 Metabolic Englaciation   Hex/Ice        2%         N/A       99%         5
 Yara's Violent Unravell  Hex/Alch       2%         3d3       99%         5
 Sculpt Simulacrum        Ice/Alch       2%         N/A       100%        6


Dungeon Overview and Level Annotations

Branches:
Dungeon (6/15)             Temple (1/1) D:6

Altars:
Ashenzari
Dithmenos
Fedhas
Hepliaklqana
Kikubaaqudgha
Makhleb
Nemelex Xobeh
Okawaru
Qazlal
Ru
Sif Muna
Wu Jian
Xom
Yredelemnul
Zin
The Shining One

Shops:
D:2 =   D:6 ?:*

Annotations:
D:3 1 runed translucent door
D:4 2 transporters, shadowstone's ghost, novice NaAl
D:5 2 transporters, Esekla's ghost, weakling OpDe
D:6 1 transporter, DrFunkyFeet's ghost, novice OnGl


Innate Abilities, Weirdness & Mutations

You are immune to sickness and miasma.
Your stone body is resilient. (AC +5)
You are immune to poison.
You resist negative energy. (rN+)
You are resistant to electric shocks. (rElec)
You are resistant to unholy torment.
You are immune to petrification.


Message History

No target in view!
You can't see any susceptible monsters within range! (Use Z to cast anyway.) Key pressed, stopping explore.
No target in view!
You can't see any susceptible monsters within range! (Use Z to cast anyway.) Key pressed, stopping explore.
No target in view!
You can't see any susceptible monsters within range! (Use Z to cast anyway.) No target in view!
Found Iderask's Magic Scroll Shoppe.
You can't see any susceptible monsters within range! (Use Z to cast anyway.)
There is an entrance to Iderask's Magic Scroll Shoppe here.
j - 3 scrolls of identify (gained 1)
r - 3 scrolls of teleportation (gained 1) Thank you for shopping at Iderask's Magic Scroll Shoppe!
As you read the scroll of identify, it crumbles to dust.
c - 2 scrolls of amnesia
As you read the scroll of identify, it crumbles to dust.
u - 4 potions of curing
As you read the scroll of identify, it crumbles to dust.
x - 3 potions of attraction
Found a staircase to the Ecumenical Temple.
Found a transporter.
DrFunkyFeet's ghost turns its malevolent gaze towards you.
Found Vuwnyacw's Book Shoppe.
No target in view!
Found a long sword.
Found a stone staircase leading up.
There is a staircase to the Ecumenical Temple here.
You climb downwards.
Welcome to the Ecumenical Temple!
Found a staircase back to the Dungeon.
There is a staircase back to the Dungeon here.
You climb upwards.
Welcome back to the Dungeon!
Level annotation: 1 transporter, DrFunkyFeet's ghost, novice OnGl
There is a staircase to the Ecumenical Temple here.
You climb downwards.
Welcome back to the Ecumenical Temple!
There is a staircase back to the Dungeon here.
Are you sure you want to abandon this character and quit the game? (Confirm with "yes".)
Okay, then.
Are you sure you want to abandon this character and quit the game? (Confirm with "yes".)

♣♣♣♣♣♣♣ ♣♣♣.....♣♣♣ ♣♣.........♣♣
♣...........♣ ♣.....@.....♣
♣♣♣♣♣♣♣ ♣...........♣ ♣♣♣♣♣♣♣
♣.....♣♣♣ ♣♣.........♣♣ ♣♣♣.....♣
.._.....♣♣ ♣♣♣.....♣♣♣ ♣♣....._..
.........♣ ♣♣♣.♣♣♣ ♣.........
...#.._..♣ ♣♣.♣♣ ♣.._..#...
.........♣♣♣♣♣♣...♣♣♣♣♣♣.........
._......♣...♣♣..≈..♣♣...♣......_.
......♣♣♣♣♣♣...≈≈≈...♣♣♣♣♣♣......


There were no monsters in sight!

Vanquished Creatures
  A black bear (D:5)
  A bullfrog (D:6)
  5 scorpions
  A bombardier beetle (D:4)
  4 hounds
  4 orc priests
  A human zombie (D:3)
  4 iguanas
  7 orc wizards
  5 adders
  3 gnolls (D:2)
  A shadow imp (D:6)
  4 dart slugs
  A ribbon worm (D:2)
  17 orcs
  4 ball pythons
  4 endoplasms
  2 giant cockroaches
  7 hobgoblins
  5 jackals
  8 quokkas
  2 bats (D:2)
  7 frilled lizards
  11 goblins
  A goblin zombie (D:3)
  5 kobolds
  23 rats
138 creatures vanquished.

Vanquished Creatures (others)
  An orc wizard (D:3)
1 creature vanquished.

Grand Total: 139 creatures vanquished

Notes
Turn   | Place    | Note
-------+----------+-------------------------------------------
     0 | D:1      | CougarLife the Gargoyle Earth Elementalist began the quest
                  | for the Orb.
     0 | D:1      | Reached XP level 1. HP: 10/10 MP: 3/3
   238 | D:1      | Reached XP level 2. HP: 11/15 MP: 1/5
   458 | D:1      | Reached skill level 4 in Earth Magic
   995 | D:1      | Reached XP level 3. HP: 19/19 MP: 4/6
  1439 | D:2      | Reached XP level 4. HP: 22/24 MP: 1/8
  1510 | D:2      | Identified the +2 leather armour "Zistraynut" {Will+}
  1963 | D:2      | Found Jetib's Jewellery Shoppe.
  2203 | D:3      | Found a runed translucent door.
  2203 | D:3      | Noticed a human
  2208 | D:3      | Found a basalt altar of Yredelemnul.
  2218 | D:3      | Reached XP level 5. HP: 27/28 MP: 6/9
  2338 | D:3      | Reached skill level 5 in Earth Magic
  2686 | D:4      | Reached XP level 6. HP: 25/32 MP: 8/11
  2731 | D:3      | Learned a level 3 spell: Stone Arrow
  2951 | D:4      | Reached skill level 6 in Earth Magic
  2951 | D:4      | Reached XP level 7. HP: 34/36 MP: 11/13
  3016 | D:4      | Found an iron altar of Okawaru.
  3084 | D:4      | Found a transporter.
  3093 | D:4      | Found a transporter.
  3286 | D:4      | Noticed shadowstone's ghost (novice NaAl)
  3354 | D:5      | Entered Level 5 of the Dungeon
  3359 | D:5      | Reached skill level 5 in Conjurations
  3427 | D:5      | Reached skill level 5 in Spellcasting
  3475 | D:5      | Reached XP level 8. HP: 41/41 MP: 12/15
  3524 | D:5      | Found a transporter.
  3524 | D:5      | Noticed Esekla's ghost (weakling OpDe)
  3554 | D:5      | Reached skill level 7 in Earth Magic
  3682 | D:5      | Found a transporter.
  3975 | D:6      | Found Zionuf's General Store.
  4064 | D:6      | Found Iderask's Magic Scroll Shoppe.
  4070 | D:6      | Bought a scroll of identify for 20 gold pieces
  4070 | D:6      | Bought a scroll of teleportation for 30 gold pieces
  4078 | D:6      | Found a staircase to the Ecumenical Temple.
  4104 | D:6      | Found a transporter.
  4105 | D:6      | Noticed DrFunkyFeet's ghost (novice OnGl)
  4109 | D:6      | Found Vuwnyacw's Book Shoppe.
  4110 | D:6      | Noticed a two-headed ogre
  4133 | Temple   | Entered the Ecumenical Temple
  4138 | Temple   | Quit the game

Illustrated notes

Levels and vault maps discovered:
D:1:      dpeg_arrival_radiant, layout_loops_corners, hex_tiny, chequers_avenue
D:2:      layout_basic, serial_shops, shop, minmay_rat_hole
D:3:      layout_rooms, dk_yredelemnul_ordeal, roderic_roman_lattice,
          minmay_misc_feat_cross
D:4:      layout_rooms, okawaru_metal_pillars_1_2, gammafunk_ghost_stat_death,
          supply_closet_lemuel, grunt_ministairs_6,
          serial_library_regret_index_small_wings, kennysheep_generic_room_3
D:5:      layout_cave_pools, gammafunk_ghost_mausoleum, serial_library,
          serial_library_hellmonk_secret_room, serial_library_hellmonk_junction,
          serial_library_hellmonk_junction, serial_library_regret_index_multi,
          serial_library_hellmonk_small_corner, serial_library_hellmonk_room_a,
          serial_library_hellmonk_statue_hall,
          serial_library_hellmonk_angled_corner
D:6:      layout_layer_cave, vehumet_altar_wand_db,
          minmay_temple_entry_gardened_gates, gammafunk_ghost_smash,
          serial_shops, nicolae_stop_n_shop_1, shop, shop, shop,
          nicolae_shop_crystal
Temple:   jpeg_temple_clearing

Skill      XL: |  1  2  3  4  5  6  7  8 |
---------------+-------------------------+-----
Earth Magic    | 4 5 6 7 |  7.7
Conjurations   | 2 3 4 5 6 |  6.2
Spellcasting   | 3 4 5 |  5.7
Dodging        | |  1.5
Stealth        | |  2.1

Action                     |  1- 3 |  4- 6 |  7- 9 || total
---------------------------+-------+-------+-------++-------
  Melee: Unarmed           |     2 |       |       ||     2
         Dagger            |     3 |    32 |    15 ||    50
   Cast: Sandblast         |    39 |   111 |    89 ||   239
    Use: Scroll            |       |       |     3 ||     3
 Armour: Robe              |     9 |    42 |       ||    51
         Leather armour    |       |    31 |    66 ||    97
  Dodge: Dodged            |    13 |   133 |   107 ||   253

Table legend: (Time is in decaauts)
 A = Elapsed time spent in this place.
 B = Non-inter-level travel time spent in this place.
 C = Inter-level travel time spent in this place.
 D = Time resting spent in this place.
 E = Time spent auto-exploring this place.
 F = Levels seen in this place.
 G = Mean time per level.
                   A        B        C        D        E       F      G
               +--------+--------+--------+--------+--------+-----+--------+
         Total |   4260 |   4066 |    194 |    263 |   3012 |   7 |  608.6 |
       Dungeon |   4256 |   4062 |    194 |    263 |   3012 |   6 |  709.3 |
        Temple |      3 |      3 |      0 |      0 |      0 |   1 |    3.0 |
               +--------+--------+--------+--------+--------+-----+--------+

Top non-repeatable levels by time:
     D:1: 1241 daAuts
     D:2: 885 daAuts
     D:3: 808 daAuts
     D:5: 649 daAuts
     D:4: 509 daAuts
     D:6: 162 daAuts
  Temple: 3 daAuts
